 Dungeon Crawl Stone Soup version 0.16.0-12-g7215832 (webtiles) character file.

403440 lorenzova the Ninja (level 22, -6/85 (90) HPs)
             Began as a Spriggan Enchanter on Mar 18, 2015.
             Was the Champion of Dithmenos.
             Killed from afar by a tengu reaver (37 damage)
             ... with a fireball
             ... on level 5 of the Vaults.
             The game lasted 05:21:28 (72512 turns).

lorenzova the Ninja (Spriggan Enchanter)           Turns: 72512, Time: 05:21:29

HP:   -6/85 (90)    AC: 15    Str: 14    XL:     22   Next: 32%
MP:   0/56          EV: 49    Int: 23    God:    Dithmenos [******]
Gold: 1953          SH:  8    Dex: 31    Spells: 11 memorised, 6 levels left

rFire  . . .     SeeInvis +     B - +5 dagger "Erghealel" {pierce, MR- MP+9 Str+6 Dex+3}
rCold  + . .     Clarity  .     R - +4 robe of Night {+Inv MR+ SInv Stlth+}
rNeg   . . .     SustAb   .     b - +1 buckler {AC+3}
rPois  +         Gourm    .     s - +3 hat of Pondering {ponderous, MR+ MP+10 Int+5}
rElec  +         Spirit   +     f - +0 cloak of Starlight {rElec rC+ EV+4 Stlth-}
rCorr  .         Warding  .     (gloves unavailable)
rMut   .         Stasis   .     (boots unavailable)
MR     ++++.                    T - amulet of guardian spirit
Stlth  ++++++++++               k - +5 ring of dexterity
                                o - ring of poison resistance

@: wreathed by umbra, very quick, incredibly resistant to hostile enchantments,
uncannily stealthy
A: unfitting armour, thin metallic scales 1, see invisible, herbivore 3, speed
3, slow metabolism 2, strong 1
a: Shadow Step, Shadow Form, Renounce Religion, Evoke Invisibility
}: 2/15 runes: decaying, serpentine


You were on level 5 of the Vaults.
You worshipped Dithmenos.
Dithmenos was exalted by your worship.
You were full.

You visited 9 branches of the dungeon, and saw 47 of its levels.
You visited 1 bazaar.
You also visited: Labyrinth, Ossuary and Ice Cave.

You collected 6218 gold pieces.
You spent 4265 gold pieces at shops.

Inventory:

Hand weapons
 B - the +5 dagger "Erghealel" (weapon) {pierce, MR- MP+9 Str+6 Dex+3}
   (You found it on level 7 of the Lair of Beasts)

   It inflicts extra damage upon your enemies.
   It affects your strength (+6).
   It affects your dexterity (+3).
   It affects your resistance to hostile enchantments.
   It affects your magic capacity (+9).
Armour
 b - a +1 buckler of protection (worn)
 f - the +0 cloak of Starlight (worn) {rElec rC+ EV+4 Stlth-}
   (You bought it in a shop in a bazaar)

   It affects your evasion (+4).
   It protects you from cold.
   It insulates you from electricity.
   It makes you less stealthy.
 s - the +3 hat of Pondering (worn) {ponderous, MR+ MP+10 Int+5}
   (You took it off Gastronok on level 1 of the Lair of Beasts)

   It affects your intelligence (+5).
   It affects your resistance to hostile enchantments.
   It affects your magic capacity (+10).
 x - the +1 robe "Truxzes" {rC- Regen+ Int+2}
   (You found it on level 5 of the Vaults)

   It affects your intelligence (+2).
   It makes you vulnerable to cold.
   It increases your rate of regeneration.
 Q - a +2 cloak of magic resistance
 R - the +4 robe of Night (worn) {+Inv MR+ SInv Stlth+}
   (You bought it in a shop on level 4 of the Orcish Mines)

   It affects your resistance to hostile enchantments.
   It enhances your eyesight.
   It lets you turn invisible.
   It makes you more stealthy.
 Z - a +2 buckler of cold resistance
Jewellery
 k - a +5 ring of dexterity (right hand)
 o - a ring of poison resistance (left hand)
 D - an uncursed ring of protection from fire
 M - an uncursed ring of protection from cold
 T - an amulet of guardian spirit (around neck)
 W - an uncursed amulet of resist corrosion
Magical devices
 m - a wand of slowing (21)
 v - a wand of digging (9)
 y - a wand of digging (4)
 P - a wand of hasting (3)
Scrolls
 a - 2 scrolls of silence
 c - a scroll of summoning
 e - 2 scrolls of acquirement
 i - 9 scrolls of enchant weapon
 j - 17 scrolls of identify
 l - 8 scrolls of amnesia
 t - 15 scrolls of teleportation
 z - 4 scrolls of holy word
 F - 6 scrolls of fear
 H - 5 scrolls of recharging
 J - 13 scrolls of remove curse
 K - 7 scrolls of blinking
 N - 5 scrolls of enchant armour
 X - 3 scrolls of fog
 Y - 5 scrolls of magic mapping
Potions
 g - 3 potions of cure mutation
 h - 23 potions of curing
 n - 6 potions of agility
 q - 11 potions of might
 r - a potion of invisibility
 u - 2 potions of magic
 w - 7 potions of restore abilities
 A - 3 potions of resistance
 E - 3 potions of cancellation
 G - 6 potions of haste
 I - 5 potions of berserk rage
 V - 7 potions of brilliance
Comestibles
 d - 10 bread rations


   Skills:
 + Level 15.9 Short Blades
 - Level 24.9 Dodging
 O Level 27 Stealth
 - Level 15.7 Spellcasting
 - Level 3.8 Conjurations
 - Level 13.0 Hexes
 - Level 12.3 Summonings
 - Level 11.0 Necromancy
 - Level 6.8 Invocations
 - Level 10.0 Evocations


You had 6 spell levels left.
You knew the following spells:

 Your Spells              Type           Power        Failure   Level  Hunger
a - Animate Dead          Necr           N/A          1%          4    None
b - Ensorcelled Hibernat  Hex/Ice        #####.       1%          2    None
c - Confuse               Hex            ######..     1%          3    None
d - Fulminant Prism       Conj/Hex       ######....   1%          4    None
e - Mass Confusion        Hex            ######....   4%          6    ####...
f - Flight                Chrm/Air       ###.......   21%         3    None
h - Summon Lightning Spi  Summ/Air       #####...     4%          4    None
i - Invisibility          Hex            ######..     4%          6    ####...
j - Enslavement           Hex            ######..     1%          4    None
k - Summon Mana Viper     Hex/Summ       ######..     1%          5    ##.....
s - Shadow Creatures      Summ           N/A          1%          5    ##.....


Dungeon Overview and Level Annotations

Branches:
Dungeon (15/15)            Temple (1/1) D:6            Lair (8/8) D:9
  Swamp (5/5) Lair:6        Snake (5/5) Lair:4        Slime (1/6) Lair:7
    Orc (4/4) D:12            Elf (3/3) Orc:4        Vaults (5/5) D:14
  Crypt (0/3) Vaults:3     Depths (0/5) D:15

Altars:
Ashenzari
Cheibriados
Dithmenos
Elyvilon
Gozag
Kikubaaqudgha
Makhleb
Nemelex Xobeh
Okawaru
Qazlal
Ru
Sif Muna
Trog
Vehumet
Xom
Zin
The Shining One
Beogh
Jiyva

Shops:
Orc:2 !   Orc:4 *[(}   Elf:2 }}%(   Elf:3 (!**[   Snake:1 !   Vaults:1 ?

Annotations:
Vaults:2 Jory


Innate Abilities, Weirdness & Mutations

You are tiny and cannot use many weapons and most armour.
You have supernaturally acute eyesight.
You are a herbivore.
You cover ground extremely quickly.
You need consume almost no food.
You are partially covered in thin metallic scales (AC +2).
Your muscles are strong. (Str +2)


Message History

Your human zombie completely misses the tengu reaver.
The yaktaur shoots a bolt.
The bolt hits your fire giant zombie!!
Your fire giant zombie is destroyed!
The tengu reaver hits you with a great sword of electrocution!
* * * LOW HITPOINT WARNING * * *
The tengu reaver pecks you but does no damage.
You block the tengu reaver's attack.
The yaktaur wields an uncursed arbalest.
The yaktaur shoots a bolt.
The bolt completely misses you.
Drink which item? (? for menu, Esc to quit)
You feel better.
Your human zombie barely misses the tengu reaver.
The yaktaur shoots a bolt.
You block the bolt.
The yaktaur shoots a bolt.
The bolt closely misses you.
There is a stone staircase leading up here.
Things that are here:
a steel bolt; a bolt of frost The tengu reaver casts a spell at you.
The fireball explodes!
The fireball engulfs you!
You die...

##..........##....#..#....Z.#[)..
.##.....##...#....# #.....#.#....
}.'....####..#.(..##........#...[
.##....####..#....#.......#.#####
##......##...#....##.....#..#...[
....##.......#.(Z...#...#...'...)
...####......(c.(..(...#.#..#|.}.
############))c*Q)..#############
........(...([[<@)...............
..........((([<))<((.............
.....!.......%.<<)(..............
.............(.).................
############.(...(...############
............... #...#.......##..∆
...#....#.## #.#....#.#


You could see a tengu reaver, 2 yaktaurs and a friendly human zombie.

Vanquished Creatures
  A golden dragon (Vaults:5)
  A tentacled monstrosity (Vaults:4)
  Vashnia (Snake:4)
  7 deep elf blademasters
  3 deep elf master archers (Elf:3)
  Asterion (Swamp:2)
  2 titans
  A sphinx (Vaults:5)
  4 acid blobs (Slime:1)
  5 storm dragons
  Agnes (Swamp:3)
  The ghost of BLOAX the Brawler, a mighty VSMo of Cheibriados (Vaults:5)
  6 shadow dragons
  A tengu reaver (Vaults:3)
  5 greater nagas
  A fire giant (Vaults:4)
  5 frost giants
  Maud (Lair:7)
  18 vault wardens
  An orc warlord (Orc:4)
  8 deep elf sorcerers
  Louise (Snake:3)
  Gastronok (Lair:1)
  2 very ugly things
  15 ironheart preservers
  A war gargoyle (Vaults:1)
  12 stone giants
  6 deep elf demonologists
  9 deep elf annihilators (Elf:3)
  Snorg (Swamp:3)
  19 vault guards
  A crystal guardian (Vaults:3)
  A minotaur (Lab)
  4 deep elf death magi
  3 ettins (Vaults:5)
  10 yaktaur captains
  2 deep elf high priests
  3 ice dragons
  Fannar (Lair:4)
  17 hydras
  10 naga warriors
  3 deep troll earth magi (Vaults:2)
  20 ogre magi
  A ghost crab (Swamp:3)
  8 anacondas
  A deep troll shaman (Vaults:2)
  A catoblepas (D:15)
  18 dancing weapons
  A great orb of eyes (Vaults:2)
  8 centaur warriors
  5 alligators
  10 death yaks
  2 tengu warriors
  A hell beast (Elf:3)
  7 orc high priests
  13 naga sharpshooters
  Nergalle (Lair:4)
  6 shock serpents
  2 fire crabs
  3 unseen horrors
  2 shadow wraiths
  13 deep elf knights
  2 ice devils
  3 sea snakes (Snake:3)
  7 deep elf summoners
  9 hill giants
  A flayed ghost (Vaults:4)
  3 salamander mystics
  Erolcha (D:12)
  8 swamp dragons
  13 ironbrand convokers
  9 deep trolls
  2 necromancers
  9 naga ritualists
  13 mana vipers
  8 orc knights
  8 harpies
  21 deep elf conjurers
  A harpy (shapeshifter) (Vaults:3)
  An orb spider (shapeshifter) (Vaults:5)
  8 orc sorcerers
  2 phantasmal warriors
  A frost giant zombie (Vaults:3)
  4 wolf spiders
  23 ugly things
  A shining eye (Slime:1)
  5 griffons
  5 hornets
  13 salamanders
  2 moths of wrath (shapeshifter)
  7 cyclopes
  3 manticores
  7 elephants
  7 vault sentinels
  A guardian serpent (Snake:5)
  Joseph (Lair:1)
  44 black mambas
  17 naga magi
  A torpor snail (Lair:8)
  14 spiny frogs
  3 kobold demonologists
  9 komodo dragons
  A yaktaur (shapeshifter) (Vaults:3)
  A fire drake (shapeshifter) (D:14)
  6 freezing wraiths
  39 yaktaurs
  An efreet (D:14)
  A yaktaur skeleton (Vaults:2)
  2 tengu conjurers
  3 fire drakes
  6 trolls
  13 deep elf priests
  41 two-headed ogres
  2 trolls (shapeshifter)
  4 spriggan druids
  A red devil (Orc:4)
  5 polar bears
  Sonja (D:12)
  Grinder (D:6)
  A frost giant simulacrum (Vaults:2)
  A jumping spider (shapeshifter) (Vaults:1)
  3 baby alligators (Swamp:5)
  9 blue devils
  A raven (shapeshifter) (Vaults:4)
  10 ravens
  6 bog bodies
  3 mottled dragons
  40 slime creatures
  6 giant leeches
  4 boulder beetles
  16 blink frogs
  3 basilisks
  16 spriggans
  A stone giant simulacrum (Vaults:2)
  34 deep elf magi
  10 redbacks
  A trapdoor spider (D:11)
  28 vampire mosquitoes
  A tarantella (Vaults:4)
  A vampire (D:12)
  Eustachio (Orc:1)
  5 hungry ghosts
  3 shadows
  4 wyverns
  54 yaks
  A chaos spawn (Orc:4)
  9 hippogriffs
  48 nagas
  A yaktaur simulacrum (Vaults:2)
  A hippogriff (shapeshifter) (Vaults:1)
  35 deep elf fighters
  12 insubstantial wisps
  Edmund (D:4)
  22 swamp worms
  15 wolves (Lair:8)
  33 water moccasins
  11 porcupines
  6 wargs
  20 swamp drakes
  2 boggarts
  6 eyes of draining
  4 ice beasts
  51 orc warriors
  A black bear (shapeshifter) (Vaults:3)
  3 necrophages
  4 phantoms
  7 sky beasts
  8 black bears
  62 ogres
  8 wasps
  2 boring beetles
  3 big kobolds
  16 crocodiles
  22 giant frogs
  14 centaurs
  A brain worm (D:14)
  A fire crab zombie (Vaults:5)
  2 wyvern zombies
  A glowing shapeshifter simulacrum (Vaults:2)
  5 scorpions
  3 troll zombies (D:12)
  25 killer bees
  5 electric eels
  5 wights
  A quasit (D:9)
  A draconian simulacrum (IceCv)
  2 goliath beetles
  2 crimson imps
  2 giant frog zombies
  2 human zombies
  19 hounds
  4 centaur skeletons
  2 giant frog skeletons
  2 human simulacra
  7 jellies
  41 orc priests
  8 centaur zombies
  5 iguanas
  3 troll simulacra (IceCv)
  41 orc wizards
  Natasha (D:3)
  A hell rat (Elf:1)
  11 worker ants
  A big kobold zombie (Ossuary)
  24 sheep
  2 centaur simulacra (IceCv)
  8 ogre zombies
  Ijyb (D:6)
  A hound zombie (D:8)
  2 hound skeletons
  4 mummies
  2 gnolls (Orc:3)
  34 adders
  3 naga simulacra (IceCv)
  An ogre simulacrum (IceCv)
  2 giant mites
  2 shadow imps
  A worm (D:2)
  68 river rats
  11 white imps (Lair:6)
  8 ufetubi
  An adder zombie (D:7)
  An adder skeleton (D:9)
  4 giant geckos
  5 oozes (D:8)
  318 orcs
  2 ball pythons
  22 goblins
  26 hobgoblins
  11 jackals
  16 bats
  5 giant cockroaches
  A giant gecko skeleton (D:9)
  8 giant newts
  2 giant spores
  A gnoll zombie (Ossuary)
  3 goblin skeletons (D:12)
  6 goblin zombies
  5 hobgoblin skeletons (D:12)
  A hobgoblin zombie (D:12)
  23 kobolds
  4 orc skeletons (D:12)
  12 orc zombies
  13 quokkas
  18 rats
  5 ballistomycetes
  3 briar patches
  2 crawling corpses (Elf:2)
  A fungus (Swamp:4)
  A plant (Swamp:3)
2332 creatures vanquished.

Vanquished Creatures (collateral kills)
  An ancient lich (Vaults:5)
  A tentacled monstrosity (Vaults:4)
  A titan (Vaults:5)
  A quicksilver dragon (Vaults:5)
  A tengu reaver (Vaults:5)
  A fire giant (Vaults:5)
  A greater naga (Snake:4)
  3 vault wardens
  A ghoul (Vaults:3)
  A stone giant (Vaults:5)
  5 ironheart preservers
  A deep elf annihilator (Vaults:5)
  3 yaktaur captains (Vaults:5)
  2 ettins
  14 vault guards
  A deep elf high priest (Vaults:5)
  A naga sharpshooter (Snake:4)
  A hydra (Swamp:5)
  2 ogre magi (Vaults:5)
  A deep troll shaman (Vaults:2)
  A deep troll (Vaults:3)
  A necromancer (Vaults:2)
  4 ironbrand convokers
  A tengu skeleton (Vaults:2)
  An ugly thing (Vaults:3)
  An octopode (shapeshifter) (D:14)
  A black mamba (Snake:4)
  3 vault sentinels
  9 yaktaurs
  A deep elf priest (Vaults:4)
  An orc warrior (Orc:4)
  3 two-headed ogres
  A freezing wraith (Vaults:3)
  A slime creature (Vaults:4)
  A deep elf mage (Elf:2)
  A deep elf fighter (Vaults:4)
  9 nagas
  3 water moccasins
  2 boggarts (Vaults:3)
  A centaur (Vaults:3)
  5 ogres
  A glowing shapeshifter simulacrum (Vaults:2)
  A human simulacrum (Vaults:2)
  An orc priest (D:10)
  An ogre zombie (Vaults:4)
  An orc (Vaults:4)
99 creatures vanquished.

Vanquished Creatures (others)
  A tengu reaver (Vaults:5)
  A vault warden (Vaults:4)
  An ironheart preserver (Vaults:4)
  A very ugly thing zombie (Vaults:5)
  A vault guard (Vaults:2)
  2 hydras (Swamp:5)
  A naga warrior (Snake:2)
  A shock serpent (Snake:5)
  A naga sharpshooter (Snake:2)
  A tengu warrior (D:15)
  2 titan zombies (Vaults:5)
  5 storm dragon zombies
  3 deep elf knights
  A swamp dragon (Swamp:5)
  2 naga ritualists (Snake:5)
  2 shadow dragon zombies (Vaults:5)
  2 orc knights (Orc:4)
  A sphinx zombie (Vaults:5)
  A tengu zombie (Vaults:5)
  3 stone giant zombies (Vaults:5)
  2 fire giant zombies
  A frost giant zombie (Vaults:5)
  A guardian serpent (Snake:4)
  An elephant (Lair:7)
  3 naga magi
  A black mamba (Snake:4)
  An ice dragon zombie (Vaults:4)
  A harpy skeleton (Vaults:2)
  A hornet zombie (Vaults:4)
  A wraith (D:15)
  A deep troll skeleton (Vaults:2)
  A redback (Elf:2)
  A tarantella (Elf:2)
  3 deep troll zombies (Vaults:3)
  8 nagas
  15 ogre zombies
  An orc warrior (D:12)
  A boggart (Vaults:3)
  8 human skeletons
  12 yaktaur zombies
  21 human zombies
  8 lightning spires
  5 yaktaur skeletons
  3 elf zombies
  A fulminant prism (D:15)
  8 two-headed ogre zombies
  A centaur skeleton (Vaults:2)
  2 two-headed ogre skeletons (Vaults:2)
  A worker ant (D:14)
  3 ogre skeletons
  A mottled dragon skeleton (Vaults:2)
  An adder (D:12)
  A gnoll (Orc:3)
  A white imp (Lair:6)
  A goblin (Orc:4)
  2 giant spores (D:7)
  2 orc zombies (Vaults:4)
  A butterfly (Vaults:1)
  A fungus (Elf:3)
  2 plants
163 creatures vanquished.

Grand Total: 2594 creatures vanquished

Notes
Turn   | Place    | Note
--------------------------------------------------------------
     0 | D:1      | lorenzova, the Spriggan Enchanter, began the quest for the Orb.
     0 | D:1      | Reached XP level 1. HP: 9/9 MP: 4/4
   334 | D:1      | Reached XP level 2. HP: 10/13 MP: 8/8
   918 | D:1      | Learned a level 2 spell: Ensorcelled Hibernation
  1266 | D:2      | Reached XP level 3. HP: 16/16 MP: 5/11
  1730 | D:2      | Reached skill level 5 in Hexes
  1897 | D:2      | Reached XP level 4. HP: 21/21 MP: 12/15
  2389 | D:3      | Reached XP level 5. HP: 6/24 MP: 6/18
  2765 | D:3      | Noticed Natasha
  2767 | D:3      | Killed Natasha
  2767 | D:3      | Reached skill level 5 in Spellcasting
  2795 | D:3      | Learned a level 3 spell: Confuse
  2885 | D:4      | Reached skill level 6 in Hexes
  3151 | D:4      | Reached XP level 6. HP: 28/28 MP: 21/21
  3203 | D:4      | Noticed Edmund
  3216 | D:4      | Killed Edmund
  3216 | D:4      | Reached skill level 7 in Hexes
  3670 | D:5      | Entered Level 5 of the Dungeon
  3855 | D:5      | Reached XP level 7. HP: 21/32 MP: 19/24
  5021 | D:6      | Noticed Ijyb
  5027 | D:6      | Killed Ijyb
  5029 | D:6      | Reached skill level 8 in Hexes
  5298 | D:6      | Reached skill level 5 in Stealth
  5597 | D:6      | Noticed Grinder
  5613 | D:6      | Killed Grinder
  5613 | D:6      | Reached skill level 5 in Dodging
  5613 | D:6      | Reached XP level 8. HP: 21/36 MP: 26/26
  5686 | D:6      | Found a staircase to the Ecumenical Temple.
  5697 | Temple   | Entered the Ecumenical Temple
  5870 | Temple   | Became a worshipper of Dithmenos the Shadowed
  6321 | D:7      | Found a sand-covered staircase.
  6326 | Ossuary  | Entered an ossuary
  6607 | D:7      | Reached skill level 9 in Stealth
  6725 | D:7      | Reached skill level 10 in Stealth
  6859 | D:7      | Noticed a slime creature
  6859 | D:7      | Noticed a slime creature
  6859 | D:7      | Noticed a slime creature
  6859 | D:7      | Noticed a slime creature
  6860 | D:7      | Noticed a slime creature
  6860 | D:7      | Noticed a slime creature
  6878 | D:7      | Killed a slime creature
  6878 | D:7      | Reached XP level 9. HP: 39/39 MP: 25/28
  7290 | D:7      | Killed a slime creature
  7290 | D:7      | Reached skill level 11 in Stealth
  7383 | D:7      | Killed a slime creature
  7383 | D:7      | Reached skill level 10 in Dodging
  7527 | D:7      | Killed a slime creature
  7539 | D:7      | Killed a slime creature
  7539 | D:7      | Reached skill level 12 in Stealth
  7549 | D:7      | Killed a slime creature
  7724 | D:7      | Found a burning altar of Makhleb.
  8191 | D:8      | Acquired Dithmenos' first power
  8457 | D:8      | Reached skill level 13 in Stealth
  8473 | D:8      | Found a sparkling altar of Nemelex Xobeh.
  8474 | D:8      | Found an opulent altar of Gozag.
  8726 | D:8      | Reached XP level 10. HP: 37/44 MP: 29/29
  8973 | D:9      | Reached skill level 14 in Stealth
  9215 | D:9      | Found a staircase to the Lair.
  9312 | D:8      | Acquired Dithmenos' second power
  9448 | D:8      | Learned a level 4 spell: Enslavement
  9734 | D:9      | Found a shattered altar of Ashenzari.
  9899 | D:9      | Found a shimmering altar of Xom.
 10231 | D:9      | Acquired Dithmenos' third power
 10274 | D:9      | Reached skill level 15 in Stealth
 10433 | D:10     | Entered Level 10 of the Dungeon
 10441 | D:10     | Got a bloodstained robe
 10452 | D:10     | Identified the +2 robe of the City {MR+ Regen+ Int-5} (You found it on level 10 of the Dungeon)
 10903 | D:10     | Reached XP level 11. HP: 47/47 MP: 29/31
 11280 | D:10     | Noticed a hill giant
 11292 | D:10     | Killed a hill giant
 12034 | D:11     | Noticed a hill giant
 12046 | D:11     | Killed a hill giant
 12046 | D:11     | Reached skill level 10 in Hexes
 12527 | D:11     | Reached skill level 10 in Spellcasting
 13033 | D:12     | Found a staircase to the Orcish Mines.
 13046 | D:11     | Noticed an unseen horror
 13058 | D:11     | Killed an unseen horror
 13173 | Lair:1   | Entered Level 1 of the Lair of Beasts
 13278 | Lair:1   | Found a labyrinth entrance.
 13285 | Lab      | Entered a labyrinth
 13645 | Lab      | Noticed a minotaur
 13649 | Lab      | Killed a minotaur
 13693 | Lab      | Identified the Volume of Enhancements and Flames (You found it in a labyrinth)
 13694 | Lab      | Got an opalescent robe
 13707 | Lab      | Identified the cursed -5 robe of Misfortune {-Cast Contam *Tele EV-4 Str-2 Int-2 Dex-2 Stlth-- Curse} (You found it in a labyrinth)
 14000 | Lair:1   | Identified a +2 rod of destruction (14/14) (You found it in a labyrinth)
 14400 | Lair:1   | Noticed Gastronok
 14512 | Lair:1   | Noticed Joseph
 14518 | Lair:1   | Killed Joseph
 14590 | Lair:1   | Reached skill level 5 in Short Blades
 14744 | Lair:1   | Reached XP level 12. HP: 51/51 MP: 34/34
 15342 | Lair:1   | Killed Gastronok
 15434 | Lair:1   | Acquired Dithmenos' fourth power
 15661 | Lair:2   | Noticed an eight-headed hydra
 15777 | Lair:2   | Killed an eight-headed hydra
 16332 | Lair:2   | Reached skill level 10 in Short Blades
 17638 | Lair:4   | Found a staircase to the Snake Pit.
 17650 | Lair:4   | Noticed Fannar
 17659 | Lair:4   | Killed Fannar
 18533 | Lair:5   | Noticed Nergalle
 18544 | Lair:5   | Noticed a four-headed hydra
 18563 | Lair:4   | Killed Nergalle
 18735 | Lair:5   | Killed a four-headed hydra
 18735 | Lair:5   | Reached skill level 16 in Stealth
 19127 | Lair:6   | Reached XP level 13. HP: 55/55 MP: 35/35
 19153 | Lair:6   | Found a frozen archway.
 19289 | IceCv    | Entered an ice cave
 19321 | IceCv    | Reached skill level 15 in Dodging
 19738 | Lair:6   | Found a staircase to the Swamp.
 19779 | Lair:6   | Reached skill level 17 in Stealth
 19892 | Lair:6   | Noticed a seven-headed hydra
 19900 | Lair:6   | Killed a seven-headed hydra
 20068 | Lair:6   | Reached skill level 18 in Stealth
 20308 | Lair:7   | Noticed Maud
 20318 | Lair:7   | Killed Maud
 20387 | Lair:6   | Identified a scroll of acquirement
 20860 | Lair:7   | Got a translucent dagger
 20861 | Lair:7   | Identified the +5 dagger "Erghealel" {pierce, MR- MP+9 Str+6 Dex+3} (You found it on level 7 of the Lair of Beasts)
 20905 | Lair:7   | Reached skill level 19 in Stealth
 21140 | Lair:7   | Reached XP level 14. HP: 59/59 MP: 36/36
 21487 | Lair:7   | Found a viscous altar of Jiyva.
 21488 | Lair:7   | Found a staircase to the Slime Pits.
 21861 | Lair:7   | Gained mutation: You evolve. [potion of beneficial mutation]
 21896 | Lair:8   | Entered Level 8 of the Lair of Beasts
 22403 | Lair:8   | Reached skill level 20 in Stealth
 22718 | Lair:8   | Gained mutation: You are partially covered in thin metallic scales (AC +2). [evolution]
 23970 | D:12     | Noticed Erolcha
 23989 | D:12     | Killed Erolcha
 24126 | D:12     | Noticed Sonja
 24127 | D:12     | Found a bloodstained altar of Trog.
 24129 | D:12     | Killed Sonja
 24182 | D:12     | Noticed an unseen horror
 24209 | D:12     | Killed an unseen horror
 24308 | D:12     | Noticed an unseen horror
 24325 | D:12     | Killed an unseen horror
 24536 | D:12     | Reached skill level 1 in Evocations
 24538 | D:12     | Reached skill level 1 in Invocations
 24755 | D:12     | Noticed a tengu warrior
 24762 | D:12     | Noticed an ogre mage
 24770 | D:12     | Killed a tengu warrior
 24806 | D:12     | Paralysed by an ogre mage for 2 turns
 24823 | D:11     | Killed an ogre mage
 25156 | D:12     | Reached skill level 5 in Evocations
 25167 | Orc:1    | Entered Level 1 of the Orcish Mines
 25195 | Orc:1    | Noticed Eustachio
 25226 | Orc:1    | Killed Eustachio
 25896 | Orc:2    | Found Uhaapt's Distillery.
 25901 | Orc:2    | Bought a potion of ambrosia for 128 gold pieces
 26895 | Orc:4    | Entered Level 4 of the Orcish Mines
 27274 | Orc:4    | Found a roughly hewn altar of Beogh.
 27417 | Orc:4    | Reached XP level 15. HP: 58/58 MP: 36/36
 27512 | Orc:4    | Found Zuhopou's Antique Weapon Shop.
 27572 | Orc:4    | Found Gywn's Gadget Boutique.
 27740 | Orc:4    | Reached skill level 5 in Invocations
 28103 | Orc:4    | Found a staircase to the Elven Halls.
 28203 | Orc:4    | Noticed an orc warlord
 28238 | Orc:4    | Killed an orc warlord
 28745 | Orc:4    | Found a roughly hewn altar of Beogh.
 28766 | Orc:4    | Found Ohiuf's Assorted Antiques.
 28833 | Orc:4    | Bought a shimmering rapier for 297 gold pieces
 28833 | Orc:4    | Identified the +10 rapier "Reroe" {distort, rPois Str-3 Int+3 Dex+4} (You bought it in a shop on level 4 of the Orcish Mines)
 28836 | Orc:4    | Bought the +4 robe of Night {+Inv MR+ SInv Stlth+} for 1560 gold pieces
 29247 | Orc:4    | Found Stekhaen's Antique Armour Boutique.
 29670 | Orc:4    | Bought an embroidered cloak for 94 gold pieces
 29670 | Orc:4    | Bought a sheer robe for 119 gold pieces
 29696 | Orc:4    | Identified the cursed -5 robe "Yruir" {Str-2 Int+3 Dex+3 Slay+3} (You bought it in a shop on level 4 of the Orcish Mines)
 30000 | Orc:3    | Reached skill level 10 in Evocations
 30619 | Lair:2   | Upgraded the game from 0.16.0-11-gd45b091 to 0.16.0-12-g7215832
 30657 | Snake:1  | Entered Level 1 of the Snake Pit
 30719 | Snake:1  | Found Ydal Sma's Distillery.
 31120 | Snake:1  | Reached skill level 21 in Stealth
 31454 | Snake:1  | Bought a potion of beneficial mutation for 560 gold pieces
 31456 | Snake:1  | Gained mutation: Your muscles are strong. (Str +2) [potion of beneficial mutation]
 31470 | Snake:2  | Found a glowing golden altar of the Shining One.
 32702 | Snake:2  | Gained mutation: Your flesh is cold resistant. [evolution]
 33055 | Snake:2  | Reached skill level 22 in Stealth
 33715 | Snake:3  | Noticed Louise
 33720 | Snake:3  | Killed Louise
 33945 | Snake:3  | Reached XP level 16. HP: 62/62 MP: 37/37
 35068 | Snake:4  | Noticed Vashnia
 35071 | Snake:4  | Killed Vashnia
 35551 | Snake:4  | Reached skill level 23 in Stealth
 36567 | Snake:5  | Entered Level 5 of the Snake Pit
 38563 | Snake:5  | Reached skill level 24 in Stealth
 40136 | Snake:5  | Reached XP level 17. HP: 52/65 MP: 38/38
 40522 | Snake:5  | Got a serpentine rune of Zot
 40872 | Swamp:1  | Entered Level 1 of the Swamp
 41362 | Swamp:1  | Reached skill level 25 in Stealth
 42098 | Swamp:2  | Noticed Asterion
 42102 | Swamp:2  | Killed Asterion
 42427 | Swamp:3  | Noticed Agnes
 42432 | Swamp:3  | Killed Agnes
 42467 | Swamp:3  | Noticed Snorg
 42476 | Swamp:3  | Killed Snorg
 43200 | Swamp:3  | HP: 2/65 [shambling mangrove (17)]
 44029 | Swamp:4  | Lost mutation: Your flesh is cold resistant. [evolution]
 44500 | Swamp:4  | Reached skill level 26 in Stealth
 44623 | Swamp:5  | Entered Level 5 of the Swamp
 46179 | Swamp:5  | Got a decaying rune of Zot
 46377 | Lair:2   | Learned a level 4 spell: Fulminant Prism
 46384 | Lair:2   | Learned a level 6 spell: Mass Confusion
 46390 | Lair:2   | Learned a level 5 spell: Shadow Creatures
 46426 | Lair:2   | Learned a level 3 spell: Flight
 46894 | D:13     | Reached skill level 1 in Conjurations
 46899 | D:13     | Reached skill level 1 in Summonings
 47211 | D:13     | Reached XP level 18. HP: 69/69 MP: 38/38
 48043 | D:14     | Found a gate to the Vaults.
 48381 | D:15     | Entered Level 15 of the Dungeon
 48476 | D:15     | Found a staircase to the Depths.
 50585 | Elf:1    | Entered Level 1 of the Elven Halls
 50943 | Elf:1    | Found a deep blue altar of Sif Muna.
 51387 | Elf:2    | Found Straf's Gadget Shop.
 51390 | Elf:2    | Found Pnur's Gadget Emporium.
 51482 | Elf:2    | Found Raff's Food Shop.
 51556 | Elf:2    | Found Eqello's Antique Weapon Boutique.
 51740 | Elf:2    | Found a huge runed gate.
 51740 | Elf:2    | Found a huge runed gate.
 51740 | Elf:2    | Found a huge runed gate.
 51741 | Elf:2    | Found a huge runed gate.
 51741 | Elf:2    | Found a huge runed gate.
 53170 | Elf:3    | Entered Level 3 of the Elven Halls
 53170 | Elf:3    | Found Praczis' General Store.
 53286 | Elf:3    | Found Jasoubb's Distillery.
 53312 | Elf:3    | Found Gynkyof's Antique Armour Shop.
 53318 | Elf:3    | Bought a tattered robe for 239 gold pieces
 53318 | Elf:3    | Bought a glowing cloak for 189 gold pieces
 53339 | Elf:3    | Identified the cursed -1 robe of Proximity {rN++ Int-5} (You bought it in a shop on level 3 of the Elven Halls)
 53470 | Elf:3    | Found Xidghosh's General Store.
 53787 | Elf:3    | Found Guaruut's Antique Weapon Shop.
 54152 | Elf:3    | Reached skill level 15 in Spellcasting
 54442 | Elf:3    | Got a brightly glowing pewter ring
 54476 | Elf:3    | Reached XP level 19. HP: 28/73 MP: 25/41
 54701 | Elf:3    | Got a transparent scimitar
 55896 | Elf:3    | Bought a potion of heal wounds for 70 gold pieces
 56606 | Elf:3    | Reached skill level 5 in Summonings
 56939 | Elf:3    | Identified the ring of the Eleven Seas {SustAb MR+ Dex-5 Slay+2} (You took it off a deep elf conjurer on level 3 of the Elven Halls)
 56943 | Elf:3    | Identified Luinaly's Incunabulum of the Oath (You found it on level 3 of the Elven Halls)
 56951 | Elf:3    | Learned a level 6 spell: Invisibility
 57713 | Lair:2   | Learned a level 4 spell: Summon Lightning Spire
 57723 | Lair:2   | Learned a level 1 spell: Animate Skeleton
 57730 | Lair:2   | Learned a level 5 spell: Summon Mana Viper
 57851 | Slime:1  | Entered Level 1 of the Pits of Slime
 58747 | Vaults:1 | Entered Level 1 of the Vaults
 59349 | Vaults:1 | Reached skill level 10 in Summonings
 59414 | Vaults:1 | Found Rifiawer's Magic Scroll Boutique.
 59419 | Vaults:1 | Bought a scroll of acquirement for 520 gold pieces
 59722 | Vaults:1 | Reached XP level 20. HP: 70/77 MP: 42/42
 59798 | Vaults:1 | Lost mutation: You evolve. [end of evolution]
 61536 | Vaults:2 | Reached skill level 1 in Necromancy
 61667 | Vaults:2 | Noticed Jory
 63216 | Lair:2   | Learned a level 4 spell: Animate Dead
 63712 | Vaults:2 | HP: 3/77 [yaktaur/bolt[a vault warden] (20)]
 64027 | Vaults:2 | Reached skill level 5 in Necromancy
 64988 | Vaults:3 | Found a staircase to the Crypt.
 65970 | Vaults:4 | Found a flickering gateway to a bazaar.
 65982 | Bazaar   | Entered a bazaar
 65982 | Bazaar   | Found Cimputou's Distillery.
 65992 | Bazaar   | Found Logokas' Antique Weapon Emporium.
 66002 | Bazaar   | Found Khucaum's Armour Boutique.
 66010 | Bazaar   | Found Schufo's Antique Weapon Shop.
 66017 | Bazaar   | Found Efeapuoh's Armour Boutique.
 66069 | Bazaar   | Bought a potion of heal wounds for 80 gold pieces
 66104 | Bazaar   | Bought the +0 cloak of Starlight {rElec rC+ EV+4 Stlth-} for 409 gold pieces
 66180 | Vaults:4 | Reached XP level 21. HP: 81/81 MP: 39/43
 66495 | Vaults:4 | Reached skill level 10 in Necromancy
 67824 | Vaults:5 | Entered Level 5 of the Vaults
 69051 | Vaults:4 | Reached skill level 27 in Stealth
 70027 | Vaults:5 | Noticed BLOAX's ghost (mighty VSMo)
 70310 | Vaults:5 | Killed BLOAX's ghost
 71189 | Vaults:5 | Reached XP level 22. HP: 85/85 MP: 43/43
 71900 | Vaults:5 | Got a heavy robe
 71929 | Vaults:5 | Identified Roxanne's Papyrus of Shape Shifting
 71973 | Vaults:5 | Identified the +1 robe "Truxzes" {rC- Regen+ Int+2} (You found it on level 5 of the Vaults)
 72068 | Vaults:5 | Reached skill level 15 in Short Blades
 72091 | Vaults:5 | Noticed an ancient lich
 72097 | Vaults:5 | Killed an ancient lich
 72512 | Vaults:5 | Killed from afar by a tengu reaver

Action                   |  1- 3 |  4- 6 |  7- 9 | 10-12 | 13-15 | 16-18 | 19-21 | 22-24 || total
-------------------------+-------+-------+-------+-------+-------+-------+-------+-------++-------
Melee: Dagger            |    90 |    92 |    43 |   181 |  2248 |  2391 |  2322 |   198 ||  7565
       Short sword       |       |       |   182 |   457 |   216 |       |       |       ||   855
 Cast: Ensorcelled Hiber |    11 |    29 |    49 |    72 |    34 |    24 |     1 |       ||   220
       Corona            |     1 |       |       |       |       |       |       |       ||     1
       Confuse           |       |     3 |    20 |    62 |   128 |   107 |    58 |     5 ||   383
       Enslavement       |       |       |       |     6 |    41 |   107 |     2 |       ||   156
       Fulminant Prism   |       |       |       |       |       |     1 |       |       ||     1
       Mass Confusion    |       |       |       |       |       |       |    35 |     2 ||    37
       Summon Lightning  |       |       |       |       |       |       |    16 |     5 ||    21
       Invisibility      |       |       |       |       |       |       |     7 |       ||     7
       Animate Skeleton  |       |       |       |       |       |       |    16 |       ||    16
       Animate Dead      |       |       |       |       |       |       |    49 |    20 ||    69
       Shadow Creatures  |       |       |       |       |       |       |     4 |       ||     4
       Summon Mana Viper |       |       |       |       |       |       |     1 |       ||     1
 Abil: Evoke Flight      |       |       |       |       |     2 |    11 |       |       ||    13
       Evoke Invisibilit |       |       |       |       |     2 |       |     1 |       ||     3
Evoke: Wand              |       |       |       |       |     3 |     1 |       |       ||     4
       Deck              |       |       |       |       |       |       |     1 |     1 ||     2
  Use: Scroll            |     6 |     4 |    10 |    11 |    14 |    12 |     6 |       ||    63
       Potion            |       |       |       |     8 |    12 |     4 |    11 |     1 ||    36
 Stab: Sleeping          |    11 |    31 |    47 |   127 |   233 |   225 |   139 |     4 ||   817
       Confused          |       |     3 |     8 |    16 |    48 |    43 |    55 |     3 ||   176
       Distracted        |       |       |     1 |    11 |    28 |    39 |    63 |    10 ||   152
       Betrayed ally     |       |       |       |       |     1 |     1 |       |       ||     2
       Invisible         |       |       |       |       |    14 |       |    35 |       ||    49
       Petrifying        |       |       |       |       |       |     1 |       |       ||     1
       Petrified         |       |       |       |       |       |     1 |       |       ||     1
  Eat: Bread ration      |       |     1 |       |       |     4 |     1 |     4 |     1 ||    11
       Fruit             |       |       |       |     4 |       |     4 |       |       ||     8
       Royal jelly       |       |       |       |     3 |       |     6 |     5 |       ||    14
       Pizza             |       |       |       |     2 |     1 |     2 |       |       ||     5
